 Dungeon Crawl Stone Soup version 0.27.1-34-g3ba077fa99 (webtiles) character file.

Game seed: 11389564366711828692

5 crawlerman the Firebug (level 1, 0/13 HPs)
             Began as a Demonspawn Fire Elementalist on Feb 3, 2022.
             Slain by a quokka (3 damage)
             ... on level 1 of the Dungeon.
             The game lasted 00:01:08 (151 turns).

crawlerman the Firebug (DsFE)                        Turns: 151, Time: 00:01:09

Health: 0/13       AC:  2    Str:  8    XL:     1   Next: 66%
Magic:  0/3        EV: 12    Int: 16    God:
Gold:   0          SH:  0    Dex: 13    Spells: 3/4 levels left

rFire    . . .     SeeInvis .   c - staff of poison
rCold    . . .     Faith    .   (no shield)
rNeg     . . .     Spirit   .   a - +0 robe
rPois    +         Reflect  .   (no helmet)
rElec    .         Harm     .   (no cloak)
rCorr    .         Rampage  .   (no gloves)
Will     .....                  (no boots)
Stlth    ++........             (no amulet)
HPRegen  0.04/turn              (no ring)
MPRegen  0.08/turn              (no ring)

@: no status effects
A: no striking features
a: no special abilities


You were on level 1 of the Dungeon.
You visited 1 branch of the dungeon, and saw 1 of its levels.

Inventory:

Armour
 a - a +0 robe (worn)
Magical Staves
 c - a staff of poison (weapon)
Potions
 b - a potion of brilliance {unknown}
 d - a potion of curing {unknown}
 e - a potion of might {unknown}


   Skills:
 - Level 1.7 Dodging
 - Level 1.7 Stealth
 - Level 2.0 Spellcasting
 + Level 1.8 Conjurations
 - Level 2.6 Fire Magic


You had 3 spell levels left.
You knew the following spells:

 Your Spells              Type           Power      Damage    Failure   Level
a - Foxfire               Conj/Fire      32%        2x1d5     9%          1

Your spell library contained the following spells:

 Spells                   Type           Power      Damage    Failure   Level
 Conjure Flame            Conj/Fire      8%         6-21      24%         3
 Inner Flame              Hex/Fire       5%         N/A       34%         3
 Sticky Flame             Conj/Fire      8%         2d3       63%         4
 Fireball                 Conj/Fire      4%         3d4       92%         5


Dungeon Overview and Level Annotations

Branches:
Dungeon (1/15)

Altars:


Message History

The foxfire hits the quokka.
The quokka is moderately wounded.
Casting: Foxfire (safe; 9% risk of failure)
Press: ? - help, Q - select action Dir - look around, f - activate You conjure some foxfire!
The foxfire hits the quokka but does no damage.
The quokka is lightly wounded.
The foxfire hits the quokka but does no damage.
The quokka is lightly wounded.
The jackal barks!
The quokka bites you but does no damage. x2
You hit the jackal but do no damage. The jackal bites you.
The quokka bites you. The jackal closely misses you. The jackal bites you.
The quokka bites you but does no damage.
Casting: Foxfire (safe; 9% risk of failure)
Press: ? - help, Q - select action Dir - look around, f - activate You conjure some foxfire!
The jackal completely misses you. The quokka bites you.
Your foxfire dissipates!
The foxfire hits the jackal.
The jackal is severely wounded.
The jackal barely misses you.
You hit the jackal.
The jackal is almost dead.
The quokka barely misses you.
The jackal bites you but does no damage.
The quokka bites you.
You barely miss the jackal.
The jackal is almost dead.
The jackal barely misses you. The quokka bites you. The jackal misses you.
You barely miss the jackal.
The jackal is severely wounded.
The quokka misses you. The jackal bites you.
* * * LOW HITPOINT WARNING * * *
The quokka barely misses you. The jackal barely misses you.
You hit the jackal.
The jackal is almost dead.
The quokka bites you.
You die...

.....#........# #...........###..
..............# #.........§.'....
.....#........# #...........###..
.....#........###.......#.§.§....
....##....†......######.#.§§...#.
#...##........##.######.#####..#
#...####......#.........###....#
..... ........##########.........
...............h@...........†.h.>
...............r..........#.###..
........#########.......#
.....................##
...................#.#
..........<......###..#
#####...........## #.#
#...........# .# #.#########.#


You could see a quokka and a jackal.

Vanquished Creatures
  A goblin (D:1)
  A hobgoblin (D:1)
  2 jackals (D:1)
4 creatures vanquished.

Vanquished Creatures (others)
  16 foxfires (D:1)
16 creatures vanquished.

Grand Total: 20 creatures vanquished

Notes
Turn   | Place    | Note
-------+----------+-------------------------------------------
     0 | D:1      | crawlerman the Demonspawn Fire Elementalist began the quest
                  | for the Orb.
     0 | D:1      | Reached XP level 1. HP: 13/13 MP: 3/3
   151 | D:1      | Slain by a quokka

Illustrated notes

Levels and vault maps discovered:
D:1:      minmay_arrival_semitransparent, layout_basic, minmay_misc_feat_tower

Action                   || total
-------------------------++-------
Melee: Staff             ||     5
 Cast: Foxfire           ||    10
Armor: Robe              ||     4
Dodge: Dodged            ||     9
